 Dungeon Crawl Stone Soup version 0.29-a0-542-g075992c915 (webtiles) character file.

Game seed: 9352573913088688083

1586 oldriver the Cleaver (level 8, 0/69 HPs)
             Began as a Palentonga Delver on June 5, 2022.
             Slain by an unseen horror (6 damage)
             ... on level 5 of the Dungeon.
             The game lasted 00:06:42 (6242 turns).

oldriver the Cleaver (Palentonga Delver)            Turns: 6242, Time: 00:06:43

Health: 0/69       AC: 14    Str: 18    XL:     8   Next: 61%
Magic:  8/8        EV: 10    Int: 10    God:
Gold:   211        SH:  0    Dex: 12    Spells: 7/7 levels left

rFire   + . .      SeeInvis +   a - +1 hand axe (freeze)
rCold   + + .      Faith    .   (no shield)
rNeg    + . .      Spirit   .   w - +3 robe "Asygan" {rN+ Will++}
rPois   +          Reflect  .   (no helmet)
rElec   +          Harm     .   l - scarf {+Inv}
rCorr   +          Rampage  .   (no gloves)
Will    ++...                   (no barding)
Stlth   ++........              u - amulet of regeneration
HPRegen 1.01/turn               v - ring of protection from cold
MPRegen 0.11/turn               (no ring)

@: resistant, attractive, curled up
A: large, rugged brown scales 3, see invisible, deformed body, roll 1, armoured
tail, reflexive curl
a: Rolling Charge, Evoke Invisibility


You were on level 5 of the Dungeon.
You visited 2 branches of the dungeon, and saw 6 of its levels.

You collected 211 gold pieces.

Inventory:

Hand Weapons
 a - a +1 hand axe of freezing (weapon)
Missiles
 n - 2 poisoned darts
Armour
 l - a scarf of invisibility (worn)
 w - the +3 robe "Asygan" (worn) {rN+ Will++}
   (You found it on level 5 of the Dungeon)

   rN:        It protects you from negative energy.
   Will:      It greatly increases your willpower.
Jewellery
 u - an amulet of regeneration (around neck)
 v - a ring of protection from cold (left hand)
Wands
 g - a wand of digging (3)
Scrolls
 c - a scroll of fog
 d - 3 scrolls of magic mapping
 e - 3 scrolls of fear
 k - 6 scrolls of identify
 o - a scroll of teleportation
 p - a scroll of immolation
 q - 2 scrolls of vulnerability
 r - a scroll of brand weapon
Potions
 h - 2 potions of lignification
 j - a potion of flight
 s - a potion of degeneration


   Skills:
 + Level 6.9 Fighting
 * Level 9.2 Axes
 - Level 1.5 Dodging
 - Level 3.3 Stealth


You had 7 spell levels left.
You didn't know any spells.
Your spell library contained the following spells:

 Spells                   Type           Power      Damage    Failure   Level
 Shock                    Conj/Air       0%         1d3       36%         1
 Slow                     Hex            0%         N/A       36%         1
 Ensorcelled Hibernation  Hex/Ice        0%         N/A       50%         2
 Confusing Touch          Hex            0%         N/A       75%         3
 Spider Form              Tmut/Pois      0%         N/A       75%         3
 Swiftness                Air            0%         N/A       75%         3
 Tukima's Dance           Hex            0%         N/A       75%         3
 Vampiric Draining        Necr           0%         2d6       75%         3
 Airstrike                Air            0%         N/A       98%         4
 Anguish                  Hex/Necr       0%         N/A       98%         4
 Passage of Golubria      Tloc           0%         N/A       98%         4
 Yara's Violent Unravell  Hex/Tmut       0%         3d3       100%        5


Dungeon Overview and Level Annotations

Branches:
Dungeon (5/15)             Temple (1/1) D:5

Altars:
Cheibriados
Dithmenos
Elyvilon
Fedhas
Gozag
Hepliaklqana
Kikubaaqudgha
Makhleb
Nemelex Xobeh
Qazlal
Ru
Sif Muna
Trog
Uskayaw
Vehumet
Wu Jian
Xom
Yredelemnul
Zin
The Shining One

Shops:
D:4 *


Innate Abilities, Weirdness & Mutations

You are completely covered in rugged brown scales. (AC +3, +7% HP)
You have supernaturally acute eyesight. (SInv)
Armour fits poorly on your strangely shaped body.
You can roll at nearby foes to attack.
You have a long armoured tail.
You curl defensively after being hit. (AC +7*)


Message History

* * * LOW HITPOINT WARNING * * *
The troll claws you but does no damage.
Okay, then.
The troll attacks as you move away! The troll bites you but does no damage.
The troll barely misses you. The troll claws you.
* * * LOW HITPOINT WARNING * * *
The unseen horror closely misses you.
There is an open door here.
You hit the unseen horror. You freeze the unseen horror.
Your tail-slap misses the unseen horror.
The unseen horror is moderately wounded.
The unseen horror barely misses you.
It was a potion of curing.
You feel better.
You feel better. The unseen horror closely misses you.
The unseen horror hits you but does no damage.
It was a potion of attraction.
You feel attractive to monsters.
The unseen horror completely misses you.
The troll bites you. The troll claws you but does no damage.
The troll claws you.
* * * LOW HITPOINT WARNING * * *
The unseen horror hits you but does no damage.
You hit the troll. You freeze the troll.
The troll is severely wounded.
You closely miss the unseen horror. The unseen horror barely misses you.
The troll misses you. The troll barely misses you.
The troll claws you but does no damage.
Unknown command.
You slash the troll! You freeze the troll.
The troll is almost dead.
You barely miss the unseen horror. The unseen horror barely misses you.
The troll bites you!
* * * LOW HITPOINT WARNING * * *
The troll claws you but does no damage. x2
Unknown command.
You barely miss the troll.
The troll is almost dead.
You hit the unseen horror. You freeze the unseen horror.
The unseen horror hits you.
You die...

..........>.........# #.#
.#.........######.#.# #.#
##.######.........#.# #.#
###################.# #.#
..#.....#.....#"$$#.# #.#
..#.....#.....#x).#.# #.#
..#..#..#..#..#T$$#.# #.#
†.#..#..#†.#..###T#.###.#
.....#.....#....@.#.....#
.....#.....#....x.#.....#
###################.##.##
....................##.######
..))........................#
###################..#.####.#
.....#.....#......#..#.####.#
.....#.)...#......#..#.#....#
..#..#..#..#..###'#..#.#.####


You could see a troll and an unseen horror (invisible).

Vanquished Creatures
  Prince Ribbit (D:5)
  A water moccasin (D:5)
  A black bear (D:5)
  2 phantoms (D:5)
  5 scorpions (D:5)
  2 necrophages (D:5)
  6 hounds (D:5)
  2 jellies (D:4)
  An orc priest (D:4)
  5 iguanas
  An orc wizard (D:5)
  7 adders
  4 gnolls
  An ufetubus (D:5)
  4 worms
  A dart slug (D:3)
  5 orcs
  7 ball pythons
  10 endoplasms
  5 giant cockroaches
  10 goblins
  6 hobgoblins
  7 jackals
  5 kobolds
  5 quokkas
  5 bats
  A frilled lizard (D:1)
  6 rats
116 creatures vanquished.

Notes
Turn   | Place    | Note
-------+----------+-------------------------------------------
     0 | D:5      | oldriver the Palentonga Delver began the quest for the Orb.
     0 | D:5      | Reached XP level 1. HP: 19/19 MP: 1/1
    98 | D:5      | Noticed a scorpion
   127 | D:5      | Identified the +2 ring mail of the Iron City of Dis {Str+4}
   158 | D:5      | Noticed an iguana
   162 | D:5      | Noticed a phantom
   163 | D:5      | Noticed a black bear
   168 | D:5      | Noticed an iguana
   168 | D:5      | Noticed an orc wizard
   375 | D:4      | Found Upeigrua's Gadget Gallery.
   412 | D:2      | Reached XP level 2. HP: 23/25 MP: 2/2
   811 | D:1      | Found a faded altar of an unknown god.
   816 | D:1      | Reached skill level 3 in Axes
  1332 | D:2      | Reached XP level 3. HP: 27/31 MP: 3/3
  2087 | D:2      | Reached XP level 4. HP: 32/39 MP: 2/4
  2310 | D:3      | Reached skill level 4 in Axes
  2747 | D:3      | Reached XP level 5. HP: 40/44 MP: 5/5
  3187 | D:4      | Reached skill level 5 in Axes
  3406 | D:4      | Reached XP level 6. HP: 20/52 MP: 2/6
  3800 | D:4      | Found a sacrificial altar of Ru.
  3813 | D:4      | Found a burning altar of Makhleb.
  3964 | D:4      | Found a shadowy altar of Dithmenos.
  3976 | D:4      | Found a shimmering altar of Xom.
  4152 | D:5      | Found a staircase to the Ecumenical Temple.
  4199 | Temple   | Entered the Ecumenical Temple
  4433 | D:5      | Reached skill level 5 in Fighting
  4433 | D:5      | Reached skill level 6 in Axes
  4503 | D:5      | Gained mutation: You curl defensively after being hit. (AC
                  | +7*) [Palentonga growth]
  4503 | D:5      | Reached XP level 7. HP: 50/59 MP: 5/7
  4603 | D:5      | Noticed Prince Ribbit
  4638 | D:5      | Killed Prince Ribbit
  4639 | D:5      | Reached skill level 7 in Axes
  5174 | D:5      | Reached XP level 8. HP: 13/68 MP: 2/8
  5179 | D:5      | Reached skill level 8 in Axes
  5831 | D:5      | Identified the +3 robe "Asygan" {rN+ Will++}
  6197 | D:5      | Reached skill level 9 in Axes
  6227 | D:5      | Noticed a troll
  6227 | D:5      | Noticed an unseen horror
  6242 | D:5      | Slain by an unseen horror

Illustrated notes

Levels and vault maps discovered:
D:1:      eino_arrival_water_star, layout_rooms,
          hellmonk_ecumenical_altar_zigzags, hangedman_decor_riveting,
          minmay_hedge_maze, minmay_tetromino_o2
D:2:      layout_rooms, kennysheep_decorative_pillar, chequers_mini_garden,
          minmay_box_of_dots
D:3:      layout_basic
D:4:      minmay_diamond_boxcup, layout_basic,
          nicolae_overflow_quartered_altars, nicolae_shop_gadgets
D:5:      kennysheep_windowed_halls, layout_basic, minmay_temple_entry_slanted,
          kennysheep_potato, uniq_prince_ribbit1
Temple:   eino_temple_scatter_basement

Skill      XL: |  1  2  3  4  5  6  7  8 |
---------------+-------------------------+-----
Axes           | 3 4 5 6 7 9 |  9.2
Fighting       | 4 5 6 |  6.9
Dodging        | |  1.5
Stealth        | |  3.3

Action                   |  1- 3 |  4- 6 |  7- 9 || total
-------------------------+-------+-------+-------++-------
Melee: Hand axe          |   113 |   102 |   137 ||   352
       Tailslap          |    18 |    10 |    18 ||    46
       Punch             |     2 |     1 |       ||     3
 Abil: Rolling Charge    |    14 |    12 |    12 ||    38
  Use: Potion            |     1 |     1 |     5 ||     7
       Scroll            |    10 |     1 |       ||    11
 Stab: Sleeping          |     1 |       |       ||     1
       Distracted        |       |     1 |       ||     1
Armor: Leather armour    |     3 |       |       ||     3
       Ring mail         |    66 |    31 |    27 ||   124
       Skin              |       |       |    12 ||    12
       Robe              |       |       |    43 ||    43
Dodge: Dodged            |    45 |    37 |    79 ||   161

Table legend: (Time is in decaauts)
 A = Elapsed time spent in this place.
 B = Non-inter-level travel time spent in this place.
 C = Inter-level travel time spent in this place.
 D = Time resting spent in this place.
 E = Time spent auto-exploring this place.
 F = Levels seen in this place.
 G = Mean time per level.
                   A        B        C        D        E       F      G
               +--------+--------+--------+--------+--------+-----+--------+
         Total |   6233 |   6087 |    146 |   1595 |   3398 |   6 | 1038.8 |
       Dungeon |   6013 |   5886 |    127 |   1595 |   3213 |   5 | 1202.6 |
        Temple |    219 |    200 |     19 |      0 |    185 |   1 |  219.0 |
               +--------+--------+--------+--------+--------+-----+--------+

Top non-repeatable levels by time:
     D:5: 2068 daAuts
     D:4: 1368 daAuts
     D:2: 944 daAuts
     D:1: 861 daAuts
     D:3: 770 daAuts
  Temple: 219 daAuts
